 Dungeon Crawl Stone Soup version 0.31-a0-430-gf8416d752b (webtiles) character file.

Game seed: 15742958869048738484

41 Ethylacetat the Changeling (level 3, -1/18 HPs)
             Began as a Vine Stalker Shapeshifter on July 31, 2023.
             Slain by a gnoll
             ... wielding a +0 flail
              (9 damage)
             ... on level 2 of the Dungeon.
             The game lasted 00:01:10 (723 turns).

Ethylacetat the Changeling (VSSh)                    Turns: 723, Time: 00:01:10

Health: -1/18      AC:  2    Str: 17    XL:     3   Next: 52%
Magic:  0/4        EV: 12    Int:  8    God:
Gold:   98         SH:  0    Dex: 16    Spells: 2/2 levels left

rFire   . .          .
                       - Unarmed
rCold   . . .        (no shield)
rNeg    . . .        a - +0 animal skin
rPois   .            (helmet currently unavailable)
rElec   .            (cloak currently unavailable)
rCorr   .            (gloves currently unavailable)
SInv    .            (boots currently unavailable)
Will    .....        (no amulet)
Stlth   +            (no ring)
HPRegen 0.23/turn    (no ring)
MPRegen 0.09/turn

%: guardian spirit
@: beast-form
A: beast (slay +2), fangs 2, magic shield, antimagic bite, no potion heal 2
a: Begin Untransformation


You were on level 2 of the Dungeon.
You were a hulking beast.
You visited 1 branch of the dungeon, and saw 2 of its levels.

You collected 98 gold pieces.

Inventory:

Armour
 a - a +0 animal skin (worn)
Talismans
 c - a beast talisman (active)
Scrolls
 g - a scroll of vulnerability {unknown}
 h - a scroll of enchant armour {unknown}
 j - a scroll of teleportation {unknown}
 k - a scroll of identify {unknown}
Potions
 b - 2 potions of lignification
 d - a potion of brilliance {unknown}
 e - a potion of magic {unknown}
 f - a potion of cancellation {unknown}
 i - a potion of haste {unknown}
 l - a potion of curing {unknown}


   Skills:
 + Level 1.5 Fighting
 - Level 1.8 Dodging
 + Level 3.3 Unarmed Combat
 * Level 3.4 Shapeshifting


You had 2 spell levels left.
You didn't know any spells.
Your spell library was empty.

Dungeon Overview and Level Annotations

Branches:
Dungeon (2/15)

Altars:


Innate Abilities, Weirdness & Mutations

You are a hulking beast.
Your limbs bulge with bestial killing power. (Slay +2)
You have extremely sharp teeth.
When hurt, damage is shared between your health and your magic reserves.
Your bite disrupts and absorbs the magic of your enemies.
Potions cannot restore your health.


Message History

HP restored.
Things that are here:
a +0 club; a goblin corpse
Found a stone staircase leading up.
No target in view!
There is a stone staircase leading up here.
Found an escape hatch in the ceiling.
No target in view!
A gnoll comes into view. It is wielding a +0 club.
A gnoll comes into view. It is wielding a +0 flail.
Found a leather armour.
The gnoll shouts!
You hear a shout! x2
A gnoll comes into view. It is wielding a +0 flail.
There are monsters nearby!
Found a puce potion.
A gnoll comes into view. It is wielding a +0 club.
You see here 9 gold pieces.
There are monsters nearby!
A goblin comes into view. It is wielding a +0 dagger.
The gnoll shouts!
The goblin shouts!
A quokka comes into view.
There are monsters nearby!
You hit the gnoll but do no damage. You punch the gnoll, but do no damage.
The gnoll barely misses you.
You hit the gnoll.
The gnoll is moderately wounded.
The gnoll closely misses you.
You hit the gnoll. Your bite misses the gnoll.
The gnoll is almost dead.
The gnoll barely misses you. The goblin hits you with a +0 dagger.
Unknown command.
You hit the gnoll.
You kill the gnoll!
The gnoll hits you with a +0 flail! The goblin hits you with a +0 dagger.
You hit the gnoll. Your bite misses the gnoll.
The gnoll is lightly wounded.
The gnoll barely misses you. The goblin misses you.
The gnoll hits you with a +0 flail!
Ouch! That really hurt!
You die...

#.###########
#...<.......#
############.#####
.................#
############.###.#
###### #.# #.#
.....# #.# #.#
####.# #.#
#$####### #.# ..#
#h.......
####.###.#
#...ggg....##
........#
##...r..[#.#
####.###.#
#.###g#<.# # # #.#
#. #.#..# ####.#
#. ......
.....###.# #.#.!##
##.......# #.# ..
##...#####


You could see 3 gnolls, a quokka and a goblin.

Vanquished Creatures
  2 gnolls
  4 ball pythons (D:1)
  2 endoplasms (D:1)
  2 giant cockroaches
  3 goblins
  4 bats
  A frilled lizard (D:1)
  3 kobolds (D:1)
  3 rats (D:1)
24 creatures vanquished.

Notes
Turn   | Place    | Note
-------+----------+-------------------------------------------
     0 | D:1      | Ethylacetat the Vine Stalker Shapeshifter began the quest
                  | for the Orb.
     0 | D:1      | Reached XP level 1. HP: 9/9 MP: 2/2
    50 | D:1      | Reached skill level 1 in Fighting
    77 | D:1      | Reached XP level 2. HP: 2/14 MP: 1/3
   346 | D:1      | Reached XP level 3. HP: 18/18 MP: 4/4
   723 | D:2      | Slain by a gnoll

Illustrated notes

Levels and vault maps discovered:
D:1:      matt_arrival_refuge, layout_basic
D:2:      layout_loops_ring, serial_glass, glass_columns_b, glass_columns_b,
          kennysheep_jessica_study, uniq_sigmund

Skill      XL: |  1 |
---------------+----+-----
Fighting       | 1 |  1.5
Dodging        | |  1.8
Unarmed Combat | |  3.3
Shapeshifting  | |  3.4

Action                     || total
---------------------------++-------
  Melee: Unarmed           ||    51
         Bite              ||     7
         Punch             ||     1
   Stab: Sleeping          ||     1
 Armour: Animal skin       ||    10
  Dodge: Dodged            ||    32

Table legend: (Time is in decaauts)
 A = Elapsed time spent in this place.
 B = Non-inter-level travel time spent in this place.
 C = Inter-level travel time spent in this place.
 D = Time resting spent in this place.
 E = Time spent auto-exploring this place.
 F = Levels seen in this place.
 G = Mean time per level.
                   A        B        C        D        E       F      G
               +--------+--------+--------+--------+--------+-----+--------+
         Total |    720 |    706 |     14 |      0 |    574 |   2 |  360.0 |
       Dungeon |    720 |    706 |     14 |      0 |    574 |   2 |  360.0 |
               +--------+--------+--------+--------+--------+-----+--------+

Top non-repeatable levels by time:
     D:1: 635 daAuts
     D:2: 85 daAuts
